 Dungeon Crawl Stone Soup version 0.28.0-53-g5a82cb258f (webtiles) character file.

Game seed: 10779840630416212566

265 chiefcold23 the Chiller (level 5, -1/39 HPs)
             Began as a Demigod Ice Elementalist on June 23, 2022.
             Killed from afar by a white imp (13 damage)
             ... with a puff of frost
             ... on level 5 of the Dungeon.
             The game lasted 00:49:00 (4648 turns).

chiefcold23 the Chiller (Demigod Ice Elementalist)  Turns: 4648, Time: 00:49:01

Health: -1/39      AC:  2    Str:  9    XL:     5   Next: 66%
Magic:  5/13       EV: 12    Int: 21    God:
Gold:   112        SH:  0    Dex: 14    Spells: 7/11 levels left

rFire   . . .      SeeInvis .   e - +0 spear
rCold   . . .      Faith    .   (no shield)
rNeg    . . .      Spirit   .   o - +0 robe
rPois   .          Reflect  .   (no helmet)
rElec   .          Harm     .   (no cloak)
rCorr   .          Rampage  .   (no gloves)
Will    .....                   (no boots)
Stlth   ++........              (no amulet)
HPRegen 0.13/turn               (no ring)
MPRegen 0.13/turn               (no ring)

@: no status effects
A: high MP 1, forlorn, divine attributes
a: no special abilities


You were on level 5 of the Dungeon.
You visited 1 branch of the dungeon, and saw 5 of its levels.

You collected 112 gold pieces.

Inventory:

Hand Weapons
 e - a +0 spear (weapon)
 f - a +0 dagger
 g - a +0 club
 h - a +0 dagger
 i - a +0 dagger
 j - a +0 flail
 l - a +0 club
 n - a +0 dagger
 p - a +0 hand axe
 r - a +0 dagger
 s - a +0 short sword
 v - a +0 club
 y - a +0 flail
 z - a +0 whip
 A - a +0 flail
 B - a +0 club
 D - a +0 club
 E - a +0 club
 F - a +0 dagger
 G - a +0 whip
Missiles
 c - 105 stones (quivered)
 d - 23 sling bullets
 m - 2 poisoned darts
Armour
 a - a +0 robe
 k - a +0 ring mail
 o - a +0 robe (worn)
 H - a +0 scale mail
 I - a +0 scale mail
Jewellery
 q - a ring of willpower
Scrolls
 b - 2 scrolls of teleportation {unknown}
 w - a scroll of blinking {unknown}
 C - 2 scrolls of identify {unknown}
Potions
 t - 5 potions of curing {unknown}
 u - a potion of attraction {unknown}
 x - a potion of invisibility {unknown}


   Skills:
 + Level 0.4 Fighting
 + Level 0.5 Polearms
 + Level 1.0 Throwing
 + Level 2.1 Dodging
 + Level 2.6 Stealth
 + Level 3.5 Spellcasting
 + Level 4.7 Ice Magic


You had 7 spell levels left.
You knew the following spells:

 Your Spells              Type           Power      Damage    Failure   Level
a - Freeze                Ice            92%        1d10      1%          1
b - Frozen Ramparts       Ice            46%        1d6       5%          3

Your spell library contained the following spells:

 Spells                   Type           Power      Damage    Failure   Level
 Ozocubu's Armour         Ice            23%        N/A       5%          3
 Dazzling Flash           Conj/Hex       6%         N/A       36%         3
 Hailstorm                Conj/Ice       13%        3d5       43%         4
 Agony                    Necr           3%         N/A       98%         5
 Silence                  Hex/Air        1%         N/A       98%         5


Dungeon Overview and Level Annotations

Branches:
Dungeon (6/15)
 Temple: D:4-7


Innate Abilities, Weirdness & Mutations

You have an increased reservoir of magic. (+10% MP)
You shall have no god before yourself.
Your divine heritage dramatically boosts your attributes as you level up.


Message History

The wall freezes the bullfrog zombie but does no damage.
The bullfrog zombie barely misses you.
You hit the bullfrog zombie.
The bullfrog zombie is lightly damaged.
The bullfrog zombie completely resists.
The wall freezes the bullfrog zombie but does no damage.
The bullfrog zombie hits you but does no damage.
The bullfrog zombie completely resists.
The wall freezes the bullfrog zombie but does no damage.
The bullfrog zombie hits you.
You barely miss the bullfrog zombie.
The bullfrog zombie is lightly damaged.
The frozen ramparts melt away.
The bullfrog zombie barely misses you.
Found a viscous blue potion.
Found a stone staircase leading up.
The bullfrog zombie hits you.
You see here a viscous blue potion.
t - 5 viscous blue potions (gained 1)
The bullfrog zombie closely misses you. The bullfrog zombie hits you.
The bullfrog zombie misses you.
An orc comes into view. It is wielding a +0 club.
Found a stone staircase leading down.
The orc shouts!
You hear a shout!
An orc priest comes into view. It is wielding a +0 club.
An orc comes into view. It is wielding a +0 hand axe.
The orc priest shouts!
The orc completely misses you.
There is a stone staircase leading up here.
You climb upwards.
You hear the sound of rushing water.
There is an entrance to a sewer on this level.
Hurry and find it before the portal rusts away!
Found a quarterstaff.
There is a stone staircase leading down here.
A white imp is nearby!
The white imp gestures at you. The puff of frost hits you.
* * * LOW HITPOINT WARNING * * *
You start resting.
The white imp gestures at you. The puff of frost hits you!
You die...

####. ##
.....#####.##
)...........#
...........#
.......>5..#
........##.#
........#
...####.# ..
#@# . #.# #.#
#.# #.# #..
###


You could see a white imp.

Vanquished Creatures
  A hound (D:6)
  2 orc priests (D:3)
  An iguana (D:6)
  Terence (D:2)
  3 gnolls (D:3)
  3 adders
  A worm (D:3)
  A dart slug (D:1)
  2 orcs (D:3)
  11 ball pythons
  5 endoplasms
  A giant cockroach (D:1)
  4 goblins
  2 hobgoblins (D:1)
  2 jackals (D:1)
  7 quokkas
  4 bats
  3 frilled lizards
  2 kobolds
  6 rats
62 creatures vanquished.

Notes
Turn   | Place    | Note
-------+----------+-------------------------------------------
     0 | D:1      | chiefcold23 the Demigod Ice Elementalist began the quest
                  | for the Orb.
     0 | D:1      | Reached XP level 1. HP: 14/14 MP: 5/5
   494 | D:2      | Noticed Terence
  1220 | D:2      | Reached skill level 4 in Ice Magic
  1220 | D:2      | Reached XP level 2. HP: 15/20 MP: 0/7
  2126 | D:2      | Killed Terence
  2127 | D:2      | Reached XP level 3. HP: 19/26 MP: 4/8
  2168 | D:2      | Learned a level 3 spell: Frozen Ramparts
  3697 | D:1      | Reached XP level 4. HP: 33/33 MP: 5/10
  4435 | D:3      | Reached XP level 5. HP: 25/38 MP: 6/12
  4437 | D:3      | Reached skill level 1 in Throwing
  4616 | D:3      | You fall into a shaft and drop 3 floors!
  4643 | D:5      | Entered Level 5 of the Dungeon
  4648 | D:5      | Killed from afar by a white imp

Illustrated notes

Levels and vault maps discovered:
D:1:      sevenhm_arrival_forest_fort_large_3, layout_basic, serial_aquarium,
          aquarium_bridge_square [aquarium_subvault_wall,
          aquarium_subvault_bridge, aquarium_subvault_bridge,
          aquarium_subvault_window], aquarium_bridge_straight
          [aquarium_subvault_bridge, aquarium_subvault_wall,
          aquarium_subvault_bridge, aquarium_subvault_balcony],
          aquarium_window_double, aquarium_window_3, aquarium_window_1,
          aquarium_window_fake, aquarium_view_2c
D:2:      minmay_diamond_boxcup, layout_loops_corners, basic_altar, uniq_terence
D:3:      layout_basic, minmay_misc_feat_secret_circle
D:5:      layout_basic, elyvilon_altar_1, gup_sewer_entry_spiral
D:6:      layout_loops_ring, minmay_temple_entry_nine_rooms,
          hangedman_abyss_or_decor_jellyfish_corner,
          chequers_serial_rivers_marsh

Skill      XL: |  1  2  3  4  5 |
---------------+----------------+-----
Stealth        | 2 |  2.6
Dodging        | 2 |  2.1
Ice Magic      | 4 |  4.7
Spellcasting   | 2 3 |  3.5
Throwing       | 1 |  1.0
Fighting       | |  0.4
Polearms       | |  0.5

Action                   |  1- 3 |  4- 6 || total
-------------------------+-------+-------++-------
Melee: Spear             |    40 |     9 ||    49
       Unarmed           |    10 |       ||    10
Throw: Stone             |    40 |    22 ||    62
 Cast: Freeze            |    37 |    31 ||    68
       Frozen Ramparts   |     4 |     5 ||     9
 Stab: Sleeping          |     1 |       ||     1
Armor: Robe              |    15 |     3 ||    18
Dodge: Dodged            |    53 |    23 ||    76
